 Dungeon Crawl Stone Soup version 0.29.1-1-gd02db6906a (webtiles) character file.

Game seed: 3896351515197316226

133 RascalDebosk the Conjurer (level 4, -1/24 HPs)
             Began as a Deep Elf Conjurer on Oct 9, 2022.
             Slain by Maggie
             ... wielding a +1 broad axe of flaming
              (4 damage)
             ... on level 6 of the Dungeon.
             The game lasted 00:15:21 (2296 turns).

RascalDebosk the Conjurer (Deep Elf Conjurer)       Turns: 2296, Time: 00:15:21

Health: -1/24      AC:  4    Str:  4    XL:     4   Next: 94%
Magic:  0/12       EV: 12    Int: 25    God:
Gold:   94         SH:  0    Dex: 13    Spells: 1/11 levels left

rFire   . . .      SeeInvis .   s - +0 dagger (freeze)
rCold   . . .      Faith    .   (no shield)
rNeg    . . .      Spirit   .   l - +0 robe
rPois   .          Reflect  .   (no helmet)
rElec   .          Harm     .   (no cloak)
rCorr   .          Rampage  .   c - +1 pair of gloves
Will    .....                   (no boots)
Stlth   ++........              (no amulet)
HPRegen 0.08/turn               (no ring)
MPRegen 0.13/turn               (no ring)

@: very slightly contaminated
A: no striking features
a: no special abilities


You were on level 6 of the Dungeon.
You visited 1 branch of the dungeon, and saw 4 of its levels.

You collected 94 gold pieces.

Inventory:

Hand Weapons
 j - a +2 short sword of protection
 s - a +0 dagger of freezing (weapon)
Armour
 c - a +1 pair of gloves (worn)
 l - a +0 robe (worn)
Jewellery
 k - a ring of protection from cold
Scrolls
 d - a scroll of vulnerability {unknown}
 e - a scroll of poison {unknown}
 f - a scroll of enchant weapon {unknown}
 i - 2 scrolls of noise {unknown}
 m - a scroll of enchant armour {unknown}
 n - a scroll of identify {unknown}
 o - a scroll of summoning {unknown}
 p - a scroll of magic mapping {unknown}
Potions
 g - a potion of brilliance {unknown}
 h - a potion of heal wounds {unknown}


   Skills:
 - Level 2.4 Dodging
 - Level 3.0 Stealth
 + Level 4.3 Spellcasting
 + Level 5.0 Conjurations
 + Level 2.7 Hexes
 + Level 2.1 Translocations


You had one spell level left.
You knew the following spells:

 Your Spells              Type           Power      Damage    Failure   Level
a - Magic Dart            Conj           100%       1d8       1%          1
b - Searing Ray           Conj           60%        2d6       1%          2
c - Dazzling Flash        Conj/Hex       48%        N/A       5%          3
d - Iskenderun's Mystic   Conj/Tloc      23%        2d6       21%         4

Your spell library contained the following spells:

 Spells                   Type           Power      Damage    Failure   Level
 Tukima's Dance           Hex            18%        N/A       9%          3
 Stone Arrow              Conj/Erth      36%        3d9       10%         3
 Mephitic Cloud           Conj/Pois/Air  13%        N/A       13%         3
 Inner Flame              Hex/Fire       12%        N/A       16%         3
 Fulminant Prism          Conj/Hex       12%        3d9       19%         4
 Cause Fear               Hex            9%         N/A       28%         4
 Flame Wave               Conj/Fire      18%        2d7       30%         4
 Iskenderun's Battlesphe  Conj           30%        2d8       30%         5
 Passage of Golubria      Tloc           16%        N/A       36%         4
 Animate Armour           Summ/Erth      10%        N/A       65%         4
 Irradiate                Conj/Tmut      9%         3d14      65%         5
 Yara's Violent Unravell  Hex/Tmut       6%         3d5       80%         5
 Discord                  Hex            9%         N/A       100%        8
 Lehudib's Crystal Spear  Conj/Erth      9%         10d4      100%        8


Dungeon Overview and Level Annotations

Branches:
Dungeon (3/15)

Altars:

Annotations:
D:6 Maggie


Message History

Found a leather armour.
Aiming: Magic Dart (safe; 1% risk of failure)
Press: ? - help, Q - select action, (/) - cycle Shift-Dir - straight line, f - you
Okay, then.
A sourceless malevolence fills the Dungeon...
You fall into a shaft and drop 3 floors!
The shaft crumbles and collapses.
A kobold comes into view. It is wielding a +0 dagger.
Found 5 poisoned darts.
The kobold shouts!
You hear a shout!
The kobold throws a stone.
The stone barely misses you.
Aiming: Magic Dart (safe; 1% risk of failure)
Press: ? - help, Q - select action, (/) - cycle Shift-Dir - straight line, f - kobold
Aim: a kobold, wielding a +0 dagger and quivering stones (100% to hit)
The magic dart hits the kobold but does no damage.
A hound comes into view.
Aiming: Magic Dart (safe; 1% risk of failure)
Press: ? - help, Q - select action, (/) - cycle Shift-Dir - straight line, f/p - kobold
Aim: a kobold, wielding a +0 dagger and quivering stones (100% to hit)
The magic dart hits the kobold.
You kill the kobold!
Aiming: Magic Dart (safe; 1% risk of failure)
Press: ? - help, Q - select action, (/) - cycle Shift-Dir - straight line, f - hound
Aim: a hound (100% to hit)
The magic dart hits the hound.
The hound is moderately wounded.
Aiming: Magic Dart (safe; 1% risk of failure)
Press: ? - help, Q - select action, (/) - cycle Shift-Dir - straight line, f/p - hound
Aim: a hound (moderately wounded, 100% to hit)
The magic dart hits the hound.
The hound is heavily wounded.
Aiming: Magic Dart (safe; 1% risk of failure)
Press: ? - help, Q - select action, (/) - cycle Shift-Dir - straight line, f/p - hound
Aim: a hound (heavily wounded, 100% to hit)
The magic dart hits the hound.
The hound is severely wounded.
A centaur comes into view.
The hound bites you.
Maggie the Vainglorious comes into view.
She is wielding a +1 broad axe of flaming.
Aiming: Magic Dart (safe; 1% risk of failure)
Press: ? - help, Q - select action, (/) - cycle Shift-Dir - straight line, f/p - hound
Aim: a hound (severely wounded, 100% to hit)
The magic dart hits the hound!
You kill the hound!
Maggie shouts!
The centaur shouts!
You hear a shout!
The centaur wields a +0 shortbow.
The centaur shoots an arrow.
The arrow hits you!
Ouch! That really hurt!
* * * LOW HITPOINT WARNING * * *
Your Translocations skill increases to level 2!
Casting: Magic Dart (safe; 1% risk of failure)
Confirm with . or Enter, or press ? or * to list all spells.
The spell is astonishingly dangerous to miscast (21% risk of failure)!
Continue anyway?
You miscast Iskenderun's Mystic Blast.
You are very lightly contaminated with residual magic.
You feel a wrenching sensation.
You are magically locked in place.
* * * LOW MAGIC WARNING * * *
Maggie mutters to herself, "Master Lance won't take me back.
This is the way forward."
Casting: Iskenderun's Mystic Blast (astonishingly dangerous; 21% risk of failure)
Confirm with . or Enter, or press ? or * to list all spells.
You don't have enough magic to cast this spell.
It was a potion of curing.
You feel better.
Maggie hits you with a +1 broad axe of flaming.
Maggie burns you.
* * * LOW HITPOINT WARNING * * *
Magic courses through your body. Maggie closely misses you.
Sorry, you're not good enough to have a special ability.
Unknown command.
Sorry, you're not good enough to have a special ability.
Okay, then.
Casting: Iskenderun's Mystic Blast (astonishingly dangerous; 21% risk of failure)
Confirm with . or Enter, or press ? or * to list all spells.
The spell is astonishingly dangerous to miscast (21% risk of failure)!
Continue anyway?
You erupt in a blast of force!
The mystic blast hits Maggie.
Maggie is lightly wounded.
Maggie is knocked back by the mystic blast.
Maggie slams into the rock wall!
Maggie is lightly wounded.
You hear a shout! x2
Casting: Iskenderun's Mystic Blast (astonishingly dangerous; 21% risk of failure)
Confirm with . or Enter, or press ? or * to list all spells.
The spell is astonishingly dangerous to miscast (21% risk of failure)!
Continue anyway?
You erupt in a blast of force!
The mystic blast hits Maggie.
Maggie is lightly wounded.
Maggie is knocked back by the mystic blast.
Maggie slams into the rock wall!
Maggie is moderately wounded.
* * * LOW MAGIC WARNING * * *
You are no longer locked in place.
You hear a shout! x2
Casting: Iskenderun's Mystic Blast (astonishingly dangerous; 21% risk of failure)
Confirm with . or Enter, or press ? or * to list all spells.
The spell is astonishingly dangerous to miscast (21% risk of failure)!
Continue anyway?
You miscast Iskenderun's Mystic Blast.
Nothing appears to happen.
* * * LOW MAGIC WARNING * * *
Maggie hits you with a +1 broad axe of flaming!
* * * LOW HITPOINT WARNING * * *
Maggie burns you.
You die...

........### ....
.#...##
...........##
.....(......##..
.............c..
......#......)..
#.....†........
#...#..##......
#.....@#......
#......@.c....
#......##.....
#......# ....
#......# ...
######## .. #


You could see Maggie and a centaur.

Vanquished Creatures
  A hound (D:6)
  Jessica (D:2)
  An adder (D:2)
  3 dart slugs
  An orc (D:3)
  5 endoplasms
  6 giant cockroaches
  6 goblins
  6 hobgoblins
  3 jackals (D:2)
  8 kobolds
  4 quokkas
  4 ball pythons
  2 bats
  2 frilled lizards
  4 rats (D:1)
57 creatures vanquished.

Notes
Turn   | Place    | Note
-------+----------+-------------------------------------------
     0 | D:1      | RascalDebosk the Deep Elf Conjurer began the quest for the
                  | Orb.
     0 | D:1      | Reached XP level 1. HP: 10/10 MP: 6/6
   219 | D:1      | Reached XP level 2. HP: 15/15 MP: 6/8
   284 | D:1      | Found a faded altar of an unknown god.
   372 | D:1      | Learned a level 2 spell: Searing Ray
   425 | D:1      | Reached skill level 1 in Hexes
   678 | D:1      | Reached skill level 1 in Translocations
   850 | D:1      | Reached XP level 3. HP: 19/19 MP: 4/9
  1007 | D:2      | Learned a level 3 spell: Dazzling Flash
  1095 | D:2      | Noticed Jessica
  1104 | D:2      | Killed Jessica
  1272 | D:2      | Reached XP level 4. HP: 21/24 MP: 3/11
  1477 | D:2      | Got the Dissertation on Spellbinding and Concussion
  1483 | D:2      | Learned a level 4 spell: Iskenderun's Mystic Blast
  2232 | D:3      | Reached skill level 5 in Conjurations
  2278 | D:3      | You fall into a shaft and drop 3 floors!
  2288 | D:6      | Noticed a centaur
  2288 | D:6      | Noticed Maggie
  2296 | D:6      | Slain by Maggie

Illustrated notes

Levels and vault maps discovered:
D:1:      psy_arrival_fountain, layout_loops_ring, basic_ecumenical_altar,
          st_stairs_6
D:2:      layout_loops_cross, uniq_jessica
D:3:      layout_loops_corners, nicolae_figureground_sparkle
D:6:      layout_rooms, chequers_serial_rivers_small_a, palyth_stone_intersect,
          uniq_maggie

Skill      XL: |  1  2  3  4 |
---------------+-------------+-----
Hexes          | 1 2 |  2.7
Stealth        | 3 |  3.0
Translocations | 1 2 |  2.1
Spellcasting   | 4 |  4.3
Conjurations   | 5 |  5.0
Dodging        | |  2.4

Action                   |  1- 3 |  4- 6 || total
-------------------------+-------+-------++-------
 Cast: Magic Dart        |    67 |    47 ||   114
       Iskenderun's Myst |       |     2 ||     2
  Use: Potion            |       |     2 ||     2
Armor: Robe              |       |     1 ||     1
Dodge: Dodged            |     5 |     8 ||    13
